 Dungeon Crawl Stone Soup version 0.32-a0-38-gb04dd89b9b (webtiles) character file.

Game seed: 13177196377991959540

158 Dittersdorf the Trooper (level 5, -2/34 HPs)
             Began as a Gargoyle Fighter on Jan 23, 2024.
             Killed by divine providence
             ... invoked by an orc priest
              (14 damage)
             ... on level 3 of the Dungeon.
             The game lasted 00:02:06 (1722 turns).

Dittersdorf the Trooper (Gargoyle Fighter)          Turns: 1722, Time: 00:02:06

Health: -2/34      AC: 18    Str: 21    XL:     5   Next: 40%
Magic:  5/5        EV:  8    Int:  9    God:
Gold:   131        SH:  4    Dex:  9    Spells: 4/4 levels left

rFire   . . .        a - +0 flail
rCold   . . .        c - +0 buckler
rNeg    + . .        r - +0 chain mail
rPois   ∞            (no helmet)
rElec   +            (no cloak)
rCorr   .            (no gloves)
SInv    .            e - +0 pair of boots
Will    .....        (no amulet) Stlth
                     g - +4 ring of protection
HPRegen 0.25/turn    (no ring)
MPRegen 0.09/turn

%: no passive effects
@: no status effects
A: sickness immunity, AC +4, negative energy resistance 1, electricity
resistance, torment resistance 1, petrification resistance
a: no special abilities


You were on level 3 of the Dungeon.
You visited 1 branch of the dungeon, and saw 3 of its levels.

You collected 131 gold pieces.

Inventory:

Hand Weapons
 a - a +0 flail (weapon)
Missiles
 h - a throwing net (quivered)
Armour
 c - a +0 buckler (worn)
 e - a +0 pair of boots (worn)
 r - a +0 chain mail (worn)
Jewellery
 g - a +4 ring of protection (left hand)
Scrolls
 f - 3 scrolls of identify {unknown}
 k - a scroll of fog {unknown}
 p - a scroll of poison {unknown}
 q - a scroll of amnesia {unknown}
Potions
 d - 2 potions of might
 i - a potion of enlightenment {unknown}
 j - a potion of cancellation {unknown}
 l - a potion of heal wounds {unknown}
 m - a potion of resistance {unknown}
 n - a potion of curing {unknown}
 o - 2 potions of mutation {unknown}


   Skills:
 + Level 4.3 Fighting
 + Level 3.1 Maces & Flails
 + Level 4.2 Armour
 + Level 4.3 Shields


You had 4 spell levels left.
You didn't know any spells.
Your spell library contained the following spells:

 Spells                   Type           Power      Damage    Failure   Level
 Apportation              Tloc           0%         N/A       98%         1
 Necrotise                Necr           0%         1d4       98%         1
 Sting                    Conj/Alch      0%         1d3       98%         1
 Summon Small Mammal      Summ           0%         N/A       98%         1
 Tukima's Dance           Hex            0%         N/A       100%        3
 Passage of Golubria      Tloc           0%         N/A       100%        4
 Yara's Violent Unravell  Hex/Alch       0%         3d3       100%        5


Dungeon Overview and Level Annotations

Branches:
Dungeon (3/15)

Altars:


Innate Abilities, Weirdness & Mutations

You are immune to sickness and miasma.
Your stone body is resilient. (AC +4)
You are immune to poison.
You resist negative energy. (rN+)
You are resistant to electric shocks. (rElec)
You are resistant to unholy torment.
You are immune to petrification.


Message History

A goblin comes into view. It is wielding a +0 club.
The orc priest hits you but does no damage.
The goblin hits you but does no damage.
The goblin shouts!
You hit the orc priest.
The orc priest is moderately wounded.
You hear a shout! x2
You block the orc's attack. The orc priest closely misses you.
The goblin hits you with a +0 club.
You hit the orc priest but do no damage.
The orc priest is moderately wounded.
The orc hits you but does no damage. You block the orc priest's attack.
You block the goblin's attack.
You barely miss the orc priest.
The orc priest is moderately wounded.
The orc hits you but does no damage.
The orc priest hits you but does no damage.
The goblin barely misses you.
A goblin comes into view. It is wielding a +0 club.
The orc hits you with a +0 short sword.
The orc priest calls down the wrath of Beogh upon you.
Pain shoots through your body! The goblin barely misses you. x2
You are too injured to fight recklessly!
You are too injured to fight recklessly!
You are too injured to fight recklessly!
You are too injured to fight recklessly!
You are too injured to fight recklessly!
You are too injured to fight recklessly!
You are too injured to fight recklessly!
You are too injured to fight recklessly!
You are too injured to fight recklessly!
You are too injured to fight recklessly!
You are too injured to fight recklessly!
You are too injured to fight recklessly!
The goblin hits you but does no damage. The orc attacks as it pursues you!
The orc hits you but does no damage. The goblin attacks as it pursues you!
The goblin closely misses you.
The orc priest calls down the wrath of Beogh upon you.
Beogh smites you!
You die...

g.##..##.#
.g......#
#......#
#......#
#.....#
#...o.#
#.g$# #go##
## #.@# ..
#..# .##
#..# ..##
#..# #..#
#..# ##.#
#..# .###
#.<####..#
.#..
###.###....#
....###...#
#.##.#


You could see an orc priest, an orc and 3 goblins.

Vanquished Creatures
  An orc priest (D:2)
  Terence (D:2)
  An orc wizard (D:3)
  2 adders
  2 ribbon worms (D:2)
  A dart slug (D:2)
  4 orcs (D:3)
  3 endoplasms (D:3)
  A giant cockroach (D:1)
  7 goblins
  4 hobgoblins
  A quokka (D:1)
  7 ball pythons
  3 bats (D:1)
  2 frilled lizards (D:2)
  6 kobolds
  7 rats
53 creatures vanquished.

Notes
Turn   | Place    | Note
-------+----------+-------------------------------------------
     0 | D:1      | Dittersdorf the Gargoyle Fighter began the quest for the
                  | Orb.
     0 | D:1      | Reached XP level 1. HP: 14/14 MP: 1/1
   117 | D:1      | Reached XP level 2. HP: 19/19 MP: 2/2
   692 | D:2      | Reached XP level 3. HP: 21/24 MP: 3/3
   761 | D:2      | Noticed Terence
   793 | D:2      | Killed Terence
   794 | D:2      | Reached XP level 4. HP: 16/29 MP: 4/4
  1406 | D:3      | Reached XP level 5. HP: 30/33 MP: 5/5
  1722 | D:3      | Killed from afar by an orc priest

Illustrated notes

Levels and vault maps discovered:
D:1:      saegor_arrival_simple_b, layout_rooms,
          nicolae_concentric_dashed_squares_wild, chequers_serial_rivers_marsh,
          roderic_serpentine_path, minmay_close_crescents
D:2:      layout_loops_ring, uniq_terence
D:3:      layout_rooms, lemuel_crystal_altar, gammafunk_ghost_split,
          uniq_jessica, uniq_robin

Skill      XL: |  1  2  3  4 |
---------------+-------------+-----
Shields        | 4 |  4.3
Armour         | 4 |  4.2
Fighting       | 4 |  4.3
Maces & Flails | 3 |  3.1

Action                     |  1- 3 |  4- 6 || total
---------------------------+-------+-------++-------
  Melee: Flail             |    98 |   123 ||   221
 Armour: Scale mail        |    81 |    62 ||   143
         Chain mail        |       |    13 ||    13
  Dodge: Dodged            |    60 |    49 ||   109
  Block: Buckler           |    24 |    25 ||    49

Table legend: (Time is in decaauts)
 A = Elapsed time spent in this place.
 B = Non-inter-level travel time spent in this place.
 C = Inter-level travel time spent in this place.
 D = Time resting spent in this place.
 E = Time spent auto-exploring this place.
 F = Levels seen in this place.
 G = Mean time per level.
                   A        B        C        D        E       F      G
               +--------+--------+--------+--------+--------+-----+--------+
         Total |   1790 |   1758 |     32 |    228 |   1023 |   3 |  596.7 |
       Dungeon |   1790 |   1758 |     32 |    228 |   1023 |   3 |  596.7 |
               +--------+--------+--------+--------+--------+-----+--------+

Top non-repeatable levels by time:
     D:2: 878 daAuts
     D:1: 628 daAuts
     D:3: 283 daAuts
